IL
COLUMBUS JETS @ TOLEDO MUD HENS
05/12/1982
 
TOP OF THE 1ST
Columbus Jets batting - Pitching for Toledo Mud Hens : RHP Douglas Mathey
Pitching: RHP Douglas Mathey
Batting: LHB Craig Brooks 0-0: Called Strike
0-1: Foul Ball, location: 2F
0-2: Ball
1-2: Ball
2-2: Strikes out swinging
Batting: RHB Greg Schultz 0-0: Called Strike
0-1: Fly out, F9 (Flyball, 89M, EV 80.0 MPH)
Batting: RHB Danny Tartabull 0-0: Called Strike
0-1: Ball
1-1: Foul Ball, location: 2F
1-2: Strikes out looking
Top of the 1st over - 0 runs, 0 hits, 0 errors, 0 left on base; Columbus 0 - Toledo 0
BOTTOM OF THE 1ST
Toledo Mud Hens batting - Pitching for Columbus Jets : RHP Darryl Banks
Pitching: RHP Darryl Banks
Batting: RHB Nick Capra 0-0: Ball
1-0: Ball
2-0: Ball
3-0: Base on Balls
Batting: RHB Don Lyle 0-0: Ball
Nick Capra is caught stealing 2nd base 2-4
1-0: Foul Ball, location: 2F
1-1: Ball
2-1: Ball
3-1: Called Strike
3-2: Fly out, F7 (Line Drive, 7, EV 93.8 MPH)
Batting: SHB Ken Henderson 0-0: Called Strike
0-1: Swinging Strike
0-2: Ball
1-2: Strikes out looking
Bottom of the 1st over - 0 runs, 0 hits, 0 errors, 0 left on base; Columbus 0 - Toledo 0
TOP OF THE 2ND
Columbus Jets batting - Pitching for Toledo Mud Hens : RHP Douglas Mathey
Batting: LHB Larry Sheets 0-0: Ball
1-0: Foul Ball, location: 2F
1-1: Swinging Strike
1-2: Strikes out looking
Batting: RHB Jim Maler 0-0: Ball
1-0: Called Strike
1-1: Foul Ball, location: 2F
1-2: Ball
2-2: Ball
3-2: Base on Balls
Batting: RHB Michael Ventress 0-0: Foul Ball, location: 2F
0-1: Ball
1-1: Grounds into double play, 3-6-3 (Groundball, 34S, EV 79.4 MPH)
Top of the 2nd over - 0 runs, 0 hits, 0 errors, 0 left on base; Columbus 0 - Toledo 0
BOTTOM OF THE 2ND
Toledo Mud Hens batting - Pitching for Columbus Jets : RHP Darryl Banks
Batting: LHB Jerry Tabb 0-0: Called Strike
0-1: Fly out, F7 (Flyball, 78S, EV 90.0 MPH)
Batting: LHB Randy S Johnson 0-0: Ball
1-0: SINGLE (Groundball, 3D, EV 102.5 MPH)
Batting: LHB Ron Diggle 0-0: Ball
1-0: Ball
2-0: Ball
3-0: Base on Balls
Randy S Johnson to second
Batting: RHB Gary Allenson 0-0: Ball
1-0: Foul Ball, location: 2F
1-1: Ball
2-1: Called Strike
2-2: Ball
3-2: Foul Ball, location: 2F
3-2: Strikes out swinging
Batting: LHB Rich Coggins 0-0: Ball
1-0: Foul Ball, location: 2F
1-1: Swinging Strike
1-2: Ball
2-2: SINGLE (Groundball, 4MD, EV 105.0 MPH)
Randy S Johnson to third
Ron Diggle to second
Runner from 3rd tries for Home, SAFE, throw by CF to home
Batting: LHB George LaCoe 0-0: Ball
1-0: Called Strike
1-1: Fly out, F5 (Flyball, 5D, EV 93.1 MPH)
Bottom of the 2nd over - 1 run, 2 hits, 0 errors, 2 left on base; Columbus 0 - Toledo 1
TOP OF THE 3RD
Columbus Jets batting - Pitching for Toledo Mud Hens : RHP Douglas Mathey
Batting: RHB Glenn Goya 0-0: Ball
1-0: Ground out 4-3 (Groundball, 4, EV 86.9 MPH)
Batting: RHB Ray Smith 0-0: Ball
1-0: Foul Ball, location: 2F
1-1: Called Strike
1-2: Fly out, F8 (Flyball, 8LM, EV 90.6 MPH)
Batting: RHB Jackie Gutierrez 0-0: Ball
1-0: Swinging Strike
1-1: Fly out, F6 (Popup, 56, EV 54.4 MPH)
Top of the 3rd over - 0 runs, 0 hits, 0 errors, 0 left on base; Columbus 0 - Toledo 1
BOTTOM OF THE 3RD
Toledo Mud Hens batting - Pitching for Columbus Jets : RHP Darryl Banks
Batting: RHB Nick Capra 0-0: Called Strike
0-1: Called Strike
0-2: Strikes out swinging
Batting: RHB Don Lyle 0-0: Called Strike
0-1: Foul Ball, location: 2F
0-2: Ball
1-2: SINGLE (Flyball, 3D, EV 91.3 MPH)
Batting: SHB Ken Henderson 0-0: Swinging Strike
0-1: Swinging Strike
0-2: Ball
1-2: Grounds into double play, 4-6-3 (Groundball, 4, EV 103.1 MPH)
Bottom of the 3rd over - 0 runs, 1 hit, 0 errors, 0 left on base; Columbus 0 - Toledo 1
TOP OF THE 4TH
Columbus Jets batting - Pitching for Toledo Mud Hens : RHP Douglas Mathey
Batting: LHB Craig Brooks 0-0: Ball
1-0: Swinging Strike
1-1: Ball
2-1: Foul Ball, location: 2F
2-2: Strikes out looking
Batting: RHB Greg Schultz 0-0: Fly out, F7 (Flyball, 78S, EV 83.1 MPH)
Batting: RHB Danny Tartabull 0-0: Foul Ball, location: 2F
0-1: Fly out, F8 (Flyball, 8LS, EV 88.1 MPH)
Top of the 4th over - 0 runs, 0 hits, 0 errors, 0 left on base; Columbus 0 - Toledo 1
BOTTOM OF THE 4TH
Toledo Mud Hens batting - Pitching for Columbus Jets : RHP Darryl Banks
Batting: LHB Jerry Tabb 0-0: Swinging Strike
0-1: Ball
1-1: Swinging Strike
1-2: Ball
2-2: SOLO HOME RUN (Flyball, 9D, EV 104.4 MPH), Distance : 356 ft
Batting: LHB Randy S Johnson 0-0: Swinging Strike
0-1: Ball
1-1: SOLO HOME RUN (Flyball, 9LD, EV 93.8 MPH), Distance : 361 ft
Batting: LHB Ron Diggle 0-0: Ball
1-0: Foul Ball, location: 2F
1-1: Ball
2-1: Ball
3-1: Fly out, F8 (Flyball, 8LS, EV 86.9 MPH)
Batting: RHB Gary Allenson 0-0: Called Strike
0-1: Ball
1-1: Fly out, F8 (Flyball, 89D, EV 98.8 MPH)
Batting: LHB Rich Coggins 0-0: Ground out 2-3 (Groundball, 13S, EV 66.9 MPH)
Bottom of the 4th over - 2 runs, 2 hits, 0 errors, 0 left on base; Columbus 0 - Toledo 3
TOP OF THE 5TH
Columbus Jets batting - Pitching for Toledo Mud Hens : RHP Douglas Mathey
Batting: LHB Larry Sheets 0-0: Called Strike
0-1: Ball
1-1: Ball
2-1: Ball
3-1: Fly out, F8 (Flyball, 8RM, EV 86.9 MPH)
Batting: RHB Jim Maler 0-0: Called Strike
0-1: Ball
1-1: SOLO HOME RUN (Flyball, 78XD, EV 95.0 MPH), Distance : 413 ft
Batting: RHB Michael Ventress 0-0: Ball
1-0: Ball
2-0: Ball
3-0: Called Strike
3-1: Swinging Strike
3-2: Ground out 2-3 (Groundball, 2L, EV 67.5 MPH)
Batting: RHB Glenn Goya 0-0: Called Strike
0-1: Ball
1-1: Called Strike
1-2: Ball
2-2: Foul Ball, location: 2F
2-2: Ball
3-2: Base on Balls
Batting: RHB Ray Smith 0-0: Called Strike
0-1: Ground out 4-3 (Groundball, 4, EV 109.4 MPH)
Top of the 5th over - 1 run, 1 hit, 0 errors, 1 left on base; Columbus 1 - Toledo 3
BOTTOM OF THE 5TH
Toledo Mud Hens batting - Pitching for Columbus Jets : RHP Darryl Banks
Batting: LHB George LaCoe 0-0: Foul Ball, location: 2F
0-1: Fly out, F7 (Flyball, 7S, EV 89.4 MPH)
Batting: RHB Nick Capra 0-0: Called Strike
0-1: Foul Ball, location: 2F
0-2: Strikes out swinging
Batting: RHB Don Lyle 0-0: Swinging Strike
0-1: Called Strike
0-2: Foul Ball, location: 2F
0-2: Ball
1-2: Ground out 5-3 (Groundball, 56S, EV 66.3 MPH)
Bottom of the 5th over - 0 runs, 0 hits, 0 errors, 0 left on base; Columbus 1 - Toledo 3
TOP OF THE 6TH
Columbus Jets batting - Pitching for Toledo Mud Hens : RHP Douglas Mathey
Batting: RHB Jackie Gutierrez 0-0: Called Strike
0-1: Ball
1-1: Ball
2-1: Fly out, F9 (Flyball, 9D, EV 94.4 MPH)
Batting: LHB Craig Brooks 0-0: Called Strike
0-1: Foul Ball, location: 2F
0-2: Ball
1-2: Foul Ball, location: 2F
1-2: Foul Ball, location: 2F
1-2: Foul Ball, location: 2F
1-2: Strikes out swinging
Batting: RHB Greg Schultz 0-0: Ball
1-0: Fly out, F9 (Flyball, 89D, EV 86.3 MPH)
Top of the 6th over - 0 runs, 0 hits, 0 errors, 0 left on base; Columbus 1 - Toledo 3
BOTTOM OF THE 6TH
Toledo Mud Hens batting - Pitching for Columbus Jets : RHP Darryl Banks
Batting: SHB Ken Henderson 0-0: Ball
1-0: Called Strike
1-1: Ball
2-1: Ball
3-1: Base on Balls
Batting: LHB Jerry Tabb 0-0: Swinging Strike
0-1: Ball
1-1: SINGLE (Groundball, 34D, EV 110.6 MPH)
Ken Henderson to second
Runner from 2nd tries for 3rd, SAFE, throw by RF made to third
Batting: LHB Randy S Johnson 0-0: Ball
1-0: Called Strike
1-1: Called Strike
1-2: Ball
2-2: Strikes out swinging
Batting: LHB Ron Diggle Pickoff Throw to First - Out! 1-3
0-0: Intentional Walk
Batting: RHB Gary Allenson 0-0: Ball
1-0: Called Strike
1-1: Ball
2-1: Ball
3-1: Fly out, F2 (Popup, 13S, EV 91.3 MPH)
Bottom of the 6th over - 0 runs, 1 hit, 0 errors, 2 left on base; Columbus 1 - Toledo 3
TOP OF THE 7TH
Columbus Jets batting - Pitching for Toledo Mud Hens : RHP Douglas Mathey
Batting: RHB Danny Tartabull 0-0: Called Strike
0-1: Foul Ball, location: 2F
0-2: Ball
1-2: Foul Ball, location: 2F
1-2: Ball
2-2: Reached on error, E5 (Groundball, 56S, EV 71.9 MPH)
Batting: LHB Larry Sheets 0-0: Foul Ball, location: 2F
0-1: Ball
1-1: SINGLE (Groundball, 4MD, EV 101.3 MPH)
Danny Tartabull to third
Runner from 3rd tries for Home, SAFE, throw by CF to home
Batting: RHB Jim Maler 0-0: Ball
1-0: Foul Ball, location: 2F
1-1: Foul Ball, location: 2F
1-2: Ball
2-2: Grounds into double play, 6-4-3 (Groundball, 6, EV 100.0 MPH)
Batting: RHB Michael Ventress 0-0: Ball
1-0: Ground out U3 (Groundball, 3L, EV 90.0 MPH)
Top of the 7th over - 1 run, 1 hit, 1 error, 0 left on base; Columbus 2 - Toledo 3
BOTTOM OF THE 7TH
Toledo Mud Hens batting - Pitching for Columbus Jets : RHP Darryl Banks
Batting: LHB Rich Coggins 0-0: Called Strike
0-1: Swinging Strike
0-2: SINGLE (Groundball, 4MD, EV 103.1 MPH)
Batting: LHB George LaCoe 0-0: Bunt missed!
0-1: Bunt missed!
0-2: Hit by Pitch
Rich Coggins to second
Batting: RHB Nick Capra 0-0: Ball
1-0: Ball
2-0: Called Strike
2-1: Called Strike
2-2: Ball
3-2: Base on Balls
Rich Coggins to third
George LaCoe to second
Batting: RHB Don Lyle 0-0: Ball
1-0: Swinging Strike
1-1: Foul Ball, location: 2F
1-2: Foul Ball, location: 2F
1-2: SINGLE (Groundball, 4D, EV 101.9 MPH)
Rich Coggins scores
George LaCoe to third
Nick Capra to second
Batting: SHB Ken Henderson 0-0: Foul Ball, location: 2F
0-1: Called Strike
0-2: Ball
1-2: Ball
2-2: Fly out, F8 (Flyball, 8RXD, EV 103.8 MPH)
Runner from 3rd tags up, SCORES, no throw by CF
Nick Capra to third
Pitching: RHP Freddy Laro
Batting: LHB Jerry Tabb 0-0: Ball
Don Lyle is caught stealing 2nd base 2-6
1-0: Called Strike
1-1: Ball
2-1: Fly out, F7 (Flyball, 7S, EV 98.1 MPH)
Bottom of the 7th over - 2 runs, 2 hits, 0 errors, 1 left on base; Columbus 2 - Toledo 5
TOP OF THE 8TH
Columbus Jets batting - Pitching for Toledo Mud Hens : RHP Douglas Mathey
Batting: RHB Glenn Goya 0-0: Called Strike
0-1: Ball
1-1: Swinging Strike
1-2: Ball
2-2: Strikes out swinging
Batting: RHB Ray Smith 0-0: Swinging Strike
0-1: Ball
1-1: Swinging Strike
1-2: Ball
2-2: Fly out, F7 (Flyball, 7S, EV 86.3 MPH)
Batting: RHB Jackie Gutierrez 0-0: Ball
1-0: Ball
2-0: Ball
3-0: Foul Ball, location: 2F
3-1: Foul Ball, location: 2F
3-2: Base on Balls
Batting: LHB Craig Brooks 0-0: Foul Ball, location: 2F
0-1: Ball
1-1: Called Strike
1-2: Strikes out swinging
Top of the 8th over - 0 runs, 0 hits, 0 errors, 1 left on base; Columbus 2 - Toledo 5
BOTTOM OF THE 8TH
Toledo Mud Hens batting - Pitching for Columbus Jets : RHP Freddy Laro
Batting: LHB Randy S Johnson 0-0: Ball
1-0: Ground out 3-1 (Groundball, 34, EV 100.6 MPH)
Batting: LHB Ron Diggle 0-0: Ball
1-0: Ball
2-0: Foul Ball, location: 2F
2-1: Ball
3-1: Foul Ball, location: 2F
3-2: Ground out U3 (Groundball, 3L, EV 82.5 MPH)
Batting: RHB Gary Allenson 0-0: Ball
1-0: Ball
2-0: Ball
3-0: Called Strike
3-1: Base on Balls
Batting: LHB Rich Coggins 0-0: Ball
1-0: Ball
2-0: Called Strike
2-1: Ball
3-1: Base on Balls
Gary Allenson to second
Pitching: RHP Martin Ronnenbergh
Batting: LHB George LaCoe 0-0: Ball
1-0: Called Strike
1-1: Ball
2-1: Foul Ball, location: 2F
Balk!
Gary Allenson to third
Rich Coggins to second
2-2: Ball
3-2: Strikes out swinging
Bottom of the 8th over - 0 runs, 0 hits, 0 errors, 2 left on base; Columbus 2 - Toledo 5
TOP OF THE 9TH
Columbus Jets batting - Pitching for Toledo Mud Hens : RHP Douglas Mathey
Batting: RHB Greg Schultz 0-0: Foul Ball, location: 2F
0-1: Foul Ball, location: 2F
0-2: Ball
1-2: Ball
2-2: Ball
3-2: Ground out 6-3 (Groundball, 6, EV 106.3 MPH)
Batting: RHB Danny Tartabull 0-0: Swinging Strike
0-1: Foul Ball, location: 2F
0-2: Strikes out swinging
Batting: LHB Larry Sheets 0-0: Ball
1-0: Fly out, F7 (Flyball, 78D, EV 101.9 MPH)
Top of the 9th over - 0 runs, 0 hits, 0 errors, 0 left on base; Columbus 2 - Toledo 5
Thursday, July 30th, 2020 - OOTP Baseball 21.5 Build 71